[Event "Polonia Wroclaw Masters Cup-IM"]
[Site "Wroclaw"]
[Date "2019.05.02"]
[Round "6.2"]
[White "Martynyuk, Elizaveta"]
[Black "Praczukowski, Stanislaw"]
[Result "0-1"]
[ECO "B10"]
[WhiteElo "2141"]
[BlackElo "2190"]
[Annotator "NA"]
[PlyCount "131"]
[EventDate "2019.04.28"]
[EventType "tourn"]
[EventCountry "POL"]
[SourceTitle "playchess.com"]
[Source "ChessBase"]
[SourceQuality "1"]
[TimeControl "40/5400+30:900+30"]

1. e4 c6 2. Nc3 d5 3. Nf3 Nf6 4. e5 Ne4 5. d4 Qa5 6. Bd3 Bg4 7. O-O Nxc3 8. bxc3 e6 9. h3 Bh5 10. g4 Bg6 11. Bg5 Nd7 12. c4 dxc4 13. Bxc4 h5 14. Nh4 Bh7 15. Bd2 Bb4 16. Bxb4 Qxb4 17. Qe2 Qc3 18. Nf5 exf5 19. e6 O-O-O 20. exd7+ Rxd7 21. d5 cxd5 22. Bb5 Rc7 23. Rfe1 Kb8 24. gxh5 Qxh3 25. Rad1 Bg6 26. Rd3 Qxh5 27. Qxh5 Bxh5 28. Rh3 g6 29. Bd3 Rg8 30. f3 a6 31. Kf2 d4 32. a4 Rd8 33. Rh4 Rdd7 34. Rb1 Rd6 35. Rb4 Rcd7 36. Kg3 Kc7 37. Rc4+ Kb6 38. Rh1 f4+ 39. Kf2 Re7 40. Rh4 Re3 41. Rxf4 g5 42. Rf5 Bg6 43. Rxg5 Bxd3 44. a5+ Ka7 45. cxd3 Rxd3 46. Rc7 Rf6 47. Rd5 Rfxf3+ 48. Ke2 Rfe3+ 49. Kf2 Rd2+ 50. Kf1 Rc3 51. Rdc5 Rdc2 52. Rxc3 dxc3 53. Rxf7 Ra2 54. Rc7 c2 55. Ke1 Ra1+ 56. Kd2 c1=Q+ 57. Rxc1 Rxa5 58. Rc4 Kb6 59. Rb4+ Rb5 60. Ra4 Rc5 61. Kd3 a5 62. Ra1 Ka6 63. Kd4 Rc8 64. Rh1 a4 65. Kd3 b5 66. Kd4 0-1

[Event "Polonia Wroclaw Masters Cup-IM"]
[Site "Wroclaw"]
[Date "2019.05.02"]
[Round "6.3"]
[White "Czopor, Maciej"]
[Black "Fiedorek, Michal"]
[Result "1/2-1/2"]
[ECO "B18"]
[WhiteElo "2229"]
[BlackElo "2075"]
[Annotator "NA"]
[PlyCount "44"]
[EventDate "2019.04.28"]
[EventType "tourn"]
[EventCountry "POL"]
[SourceTitle "playchess.com"]
[Source "ChessBase"]
[SourceQuality "1"]
[TimeControl "40/5400+30:900+30"]

1. e4 c6 2. d4 d5 3. Nc3 dxe4 4. Nxe4 Bf5 5. Ng3 Bg6 6. h4 h6 7. Nf3 e6 8. h5 Bh7 9. Bd3 Bxd3 10. Qxd3 Nf6 11. Bf4 Bd6 12. Be5 Bxe5 13. Nxe5 Qd5 14. c4 Qa5+ 15. Qd2 Qxd2+ 16. Kxd2 Nbd7 17. Kc3 c5 18. Nxd7 cxd4+ 19. Kxd4 O-O-O 20. Kc3 Rxd7 21. Rad1 Rhd8 22. Rxd7 Rxd7 1/2-1/2

[Event "Polonia Wroclaw Masters Cup-IM"]
[Site "Wroclaw"]
[Date "2019.05.03"]
[Round "7.1"]
[White "Baum, Jonasz"]
[Black "Krzywda, Andrzej"]
[Result "1-0"]
[ECO "A67"]
[WhiteElo "2290"]
[BlackElo "2195"]
[Annotator "NA"]
[PlyCount "77"]
[EventDate "2019.04.28"]
[EventType "tourn"]
[EventCountry "POL"]
[SourceTitle "playchess.com"]
[Source "ChessBase"]
[SourceQuality "1"]
[TimeControl "40/5400+30:900+30"]

1. d4 Nf6 2. c4 c5 3. d5 e6 4. Nc3 exd5 5. cxd5 d6 6. e4 g6 7. f4 Bg7 8. Bb5+ Nfd7 9. Nf3 O-O 10. O-O a6 11. Bd3 b5 12. Kh1 Re8 13. f5 b4 14. Ne2 c4 15. Bc2 Nc5 16. Ng3 Nbd7 17. Bg5 Qc7 18. Nd4 Ne5 19. f6 h6 20. Bd2 Bg4 21. Qb1 c3 22. bxc3 bxc3 23. Bxc3 Bxf6 24. h3 Bc8 25. Qe1 Bg7 26. Rb1 Qe7 27. Rb6 Ncd7 28. Ngf5 gxf5 29. Nxf5 Qg5 30. Rxd6 Nf6 31. Nxg7 Kxg7 32. Rdxf6 Ra7 33. Qf2 Rae7 34. Rxf7+ Kg6 35. Qf6+ Qxf6 36. R1xf6+ Kg5 37. Bd2+ Kh4 38. Rxh6+ Kg3 39. Be1# 1-0

[Event "Polonia Wroclaw Masters Cup-IM"]
[Site "Wroclaw"]
[Date "2019.05.03"]
[Round "7.2"]
[White "Mahitosh Dey"]
[Black "Stachowiak, Kamil"]
[Result "0-1"]
[ECO "A43"]
[WhiteElo "2187"]
[BlackElo "2439"]
[Annotator "NA"]
[PlyCount "86"]
[EventDate "2019.04.28"]
[EventType "tourn"]
[EventCountry "POL"]
[SourceTitle "playchess.com"]
[Source "ChessBase"]
[SourceQuality "1"]
[TimeControl "40/5400+30:900+30"]

1. d4 Nf6 2. Nf3 c5 3. d5 g6 4. c4 b5 5. Nc3 bxc4 6. e4 d6 7. Bxc4 Bg7 8. O-O O-O 9. Bf4 Bg4 10. Be2 Bxf3 11. Bxf3 Nbd7 12. Rb1 Rb8 13. Qe2 Ne8 14. Bg4 Nc7 15. Bxd7 Qxd7 16. e5 Rb4 17. Bg3 f5 18. a3 Rd4 19. f3 Nxd5 20. exd6 exd6 21. Nxd5 Rxd5 22. Qc4 Qf7 23. Rbd1 Rxd1 24. Qxf7+ Kxf7 25. Rxd1 Bd4+ 26. Bf2 Bxf2+ 27. Kxf2 Ke6 28. b4 Rb8 29. bxc5 dxc5 30. Re1+ Kd6 31. Rd1+ Kc6 32. Re1 Rb2+ 33. Kg3 c4 34. Re6+ Kc5 35. Re7 c3 36. Rc7+ Kd4 37. Rxh7 Rb5 38. Rd7+ Rd5 39. Rc7 Rc5 40. Rd7+ Ke3 41. Re7+ Kd2 42. Rd7+ Ke1 43. Re7+ Kf1 0-1

[Event "Polonia Wroclaw Masters Cup-IM"]
[Site "Wroclaw"]
[Date "2019.05.03"]
[Round "7.3"]
[White "Fiedorek, Michal"]
[Black "Frolov, Artur"]
[Result "0-1"]
[ECO "B69"]
[WhiteElo "2075"]
[BlackElo "2440"]
[Annotator "RC"]
[PlyCount "76"]
[EventDate "2019.04.28"]
[EventType "tourn"]
[EventCountry "POL"]
[SourceTitle "playchess.com"]
[Source "ChessBase"]
[SourceQuality "1"]
[TimeControl "40/5400+30:900+30"]

1. e4 c5 2. Nf3 Nc6 3. d4 cxd4 4. Nxd4 Nf6 5. Nc3 d6 6. Bg5 e6 7. Qd2 a6 8. O-O-O Bd7 9. f4 Be7 10. Nf3 b5 11. Bxf6 gxf6 12. f5 Qa5 13. Kb1 h5 14. g3 Ne5 15. Nxe5 fxe5 16. Bh3 b4 17. Ne2 Qc5 18. Nc1 a5 19. Nd3 Qc6 20. Rhf1 h4 21. Bg4 hxg3 22. hxg3 Rc8 23. Qf2 Qxe4 24. fxe6 fxe6 25. Qf7+ Kd8 26. Bxe6 Rh7 27. Bd5 Rxf7 28. Bxe4 Rg7 29. Rd2 Kc7 30. Rh2 Rxg3 31. Rh7 Re8 32. Rff7 Rg1+ 33. Nc1 Kd8 34. c3 Be6 35. Rf2 d5 36. Bd3 bxc3 37. bxc3 Ba3 38. Rc2 Re7 0-1

[Event "Polonia Wroclaw Masters Cup-IM"]
[Site "Wroclaw"]
[Date "2019.05.03"]
[Round "7.4"]
[White "Praczukowski, Stanislaw"]
[Black "Czopor, Maciej"]
[Result "0-1"]
[ECO "A50"]
[WhiteElo "2190"]
[BlackElo "2229"]
[Annotator "NA"]
[PlyCount "76"]
[EventDate "2019.04.28"]
[EventType "tourn"]
[EventCountry "POL"]
[SourceTitle "playchess.com"]
[Source "ChessBase"]
[SourceQuality "1"]
[TimeControl "40/5400+30:900+30"]

1. d4 Nf6 2. c4 b6 3. f3 e6 4. e4 Bb4+ 5. Nc3 c5 6. d5 O-O 7. Bd3 b5 8. Nge2 exd5 9. exd5 bxc4 10. Bxc4 d6 11. O-O Nbd7 12. Bf4 Nb6 13. Bb5 Bb7 14. Bc6 Bxc6 15. dxc6 c4 16. a4 a5 17. Bg5 d5 18. Qd4 Qd6 19. Be3 Rab8 20. Kh1 Qxc6 21. Rfd1 Rfe8 22. Bg5 Nfd7 23. Ng3 Nc5 24. Nf5 Ne6 25. Qg4 Nxg5 26. Qxg5 Qg6 27. Qf4 Qf6 28. Nxd5 Nxd5 29. Rxd5 Qxb2 30. Rad1 Qe2 31. h3 Bf8 32. Rd7 Qe6 33. Rc7 Rbc8 34. Nd4 Qd5 35. Rxc8 Rxc8 36. Re1 c3 37. Qg4 Rc4 38. Re4 c2 0-1

[Event "Polonia Wroclaw Masters Cup-IM"]
[Site "Wroclaw"]
[Date "2019.05.03"]
[Round "7.5"]
[White "Odnorozhenko, Evgenyi"]
[Black "Martynyuk, Elizaveta"]
[Result "1-0"]
[ECO "B30"]
[WhiteElo "2275"]
[BlackElo "2141"]
[Annotator "NA"]
[PlyCount "145"]
[EventDate "2019.04.28"]
[EventType "tourn"]
[EventCountry "POL"]
[SourceTitle "playchess.com"]
[Source "ChessBase"]
[SourceQuality "1"]
[TimeControl "40/5400+30:900+30"]

1. e4 c5 2. Nf3 Nc6 3. Bb5 d6 4. O-O Bd7 5. Re1 Nf6 6. c3 a6 7. Bf1 Bg4 8. d4 cxd4 9. cxd4 Bxf3 {[%emt 0:00:06] B51: Sicilian: Moscow Variation (3 Bb5+) without 3...Bd7} 10. gxf3 e5 11. d5 Nd4 12. Be3 Be7 13. Bxd4 (13. Nd2 O-O 14. f4 Nd7 15. Bxd4 exd4 16. Nf3 {½-½ (141) Abdusattorov,N (2546)-Matlakov,M (2700) St Petersburg 2018}) 13... exd4 14. Qxd4 O-O 15. Nc3 $146 ({Predecessor:} 15. f4 Qd7 16. Qe3 Ng4 17. Qg3 {1-0 (41) Tabatabaei,M (2298)-Bogner,S (2587) Dubai 2014}) 15... Qd7 16. Kh1 Rae8 17. Rad1 h6 18. Qa4 Qd8 19. Qb4 Nh5 20. e5 dxe5 21. d6 Bg5 22. d7 Re6 23. Ne4 Rb6 24. Qc5 Bf4 25. Ng3 Nf6 26. b3 Rc6 27. Qb4 Nxd7 28. Bh3 Qb6 29. Qa3 Qxf2 30. Rf1 Qe3 31. Bxd7 Rg6 32. Bf5 Bxg3 33. Bxg6 fxg6 34. hxg3 Rxf3 35. Qc1 Rxf1+ 36. Rxf1 Qxg3 37. Qc4+ Kh7 38. Rf8 h5 39. Qg8+ Kh6 40. Qc4 Kh7 41. Qe4 Qc3 42. Rf2 Qc1+ 43. Kh2 Qg5 44. Re2 Qf4+ 45. Kg2 Qg5+ 46. Kf2 Qf4+ $2 (46... a5 47. Qxe5 Qh4+ 48. Qg3 Qd4+ 49. Kg2 b6) 47. Qxf4 exf4 48. Kf3 g5 49. Re5 Kg6 50. a4 Kf6 51. Rc5 b6 52. Rd5 Kg6 53. b4 Kf6 54. a5 b5 55. Ke4 h4 56. Kf3 h3 57. Kg4 h2 58. Rd1 Ke5 59. Rh1 Kd4 60. Rxh2 Kc3 61. Kxg5 Kxb4 62. Kxf4 Kxa5 63. Ke3 Kb4 64. Kd2 Kb3 65. Kc1 b4 66. Kb1 a5 67. Rh3+ Kc4 68. Kb2 a4 69. Rh4+ Kc5 70. Rg4 Kd5 71. Rxg7 Kc4 72. Rc7+ Kb5 73. Ra7 1-0

[Event "Polonia Wroclaw Masters Cup-IM"]
[Site "Wroclaw"]
[Date "2019.05.04"]
[Round "8.1"]
[White "Krzywda, Andrzej"]
[Black "Martynyuk, Elizaveta"]
[Result "0-1"]
[ECO "D10"]
[WhiteElo "2199"]
[BlackElo "2141"]
[Annotator "NA"]
[PlyCount "82"]
[EventDate "2019.04.28"]
[EventType "tourn"]
[EventCountry "POL"]
[SourceTitle "playchess.com"]
[Source "ChessBase"]
[SourceQuality "1"]
[TimeControl "40/5400+30:900+30"]

1. d4 d5 2. c4 c6 3. cxd5 cxd5 4. Bf4 Nf6 5. e3 Nc6 6. Nc3 a6 7. Be2 h6 8. Bd3 Bg4 9. f3 Bd7 10. Nge2 e6 11. O-O Nh5 12. Be5 Nxe5 13. dxe5 Bc5 14. Kh1 Bxe3 15. f4 d4 16. Ne4 O-O 17. N4g3 Nxg3+ 18. Nxg3 Qh4 19. Qf3 Bc6 20. Be4 Bb5 21. Nh5 Bxf1 22. Rxf1 Rac8 23. Bd3 Rc6 24. g3 Qd8 25. Be4 Rc7 26. Rd1 Kh8 27. Qg4 Rg8 28. h4 Qc8 29. Kg2 Rc1 30. Kh3 Rxd1 31. Qxd1 Qc1 32. Qb3 Qf1+ 33. Bg2 Qe2 34. g4 Bg1 35. Qxb7 Qe3+ 36. Qf3 d3 37. Qxe3 Bxe3 38. Ng3 d2 39. Bf3 Bxf4 40. Ne4 Rd8 41. Nd6 Kg8 0-1

[Event "Polonia Wroclaw Masters Cup-IM"]
[Site "Wroclaw"]
[Date "2019.05.04"]
[Round "8.2"]
[White "Czopor, Maciej"]
[Black "Odnorozhenko, Evgenyi"]
[Result "*"]
[ECO "C75"]
[WhiteElo "2219"]
[BlackElo "2277"]
[Annotator "NA RC"]
[PlyCount "115"]
[EventDate "2019.04.28"]
[EventType "tourn"]
[EventCountry "POL"]
[SourceTitle "playchess.com"]
[Source "ChessBase"]
[SourceQuality "1"]
[TimeControl "40/5400+30:900+30"]

1. e4 e5 2. Nf3 Nc6 3. Bb5 a6 4. Ba4 d6 5. c3 Bd7 6. O-O Nge7 7. d4 Ng6 8. Nbd2 Be7 9. Re1 O-O 10. Nf1 Bg4 11. Bxc6 Nh4 12. N1d2 bxc6 13. h3 Nxf3+ 14. Nxf3 Bxf3 15. Qxf3 Bf6 16. Qd3 Qb8 17. dxe5 Bxe5 18. f4 Bf6 19. Re2 Re8 20. Be3 Qb5 21. c4 Qh5 22. Bf2 Qa5 23. Be1 Qb6+ 24. Kh2 Bd4 25. Bc3 Bxc3 26. Qxc3 c5 27. Rae1 Re6 28. Qd2 Rae8 29. f5 Re5 30. f6 gxf6 31. Qf4 R8e6 32. Re3 Rg5 33. h4 Rg6 34. Rb3 Qc6 35. Ree3 h5 36. Qf5 Kg7 37. Rb8 Re8 38. Rxe8 Qxe8 39. Qxh5 Qe6 40. b3 Rg4 41. Qxg4+ Qxg4 42. Rg3 Qg6 43. h5 Qg5 44. Rxg5+ fxg5 45. g4 a5 46. Kg3 Kf6 47. Kf3 Ke5 48. Ke3 Kf6 49. Kd3 Ke5 50. Kc3 Kf6 51. a3 Ke5 52. b4 a4 53. bxc5 dxc5 54. Kd3 Ke6 55. h6 Kf6 56. e5+ Kg6 57. Ke4 c6 58. h7 *

[Event "Polonia Wroclaw Masters Cup-IM"]
[Site "Wroclaw"]
[Date "2019.05.04"]
[Round "8.3"]
[White "Frolov, Artur"]
[Black "Praczukowski, Stanislaw"]
[Result "1-0"]
[ECO "B19"]
[WhiteElo "2447"]
[BlackElo "2149"]
[Annotator "RC"]
[PlyCount "116"]
[EventDate "2019.04.28"]
[EventType "tourn"]
[EventCountry "POL"]
[SourceTitle "playchess.com"]
[Source "ChessBase"]
[SourceQuality "1"]
[TimeControl "40/5400+30:900+30"]

1. e4 c6 2. d4 d5 3. Nd2 dxe4 4. Nxe4 Bf5 5. Ng3 Bg6 6. Nf3 Nd7 7. h4 h6 8. h5 Bh7 9. Bd3 Bxd3 10. Qxd3 e6 11. Bf4 Qa5+ 12. Bd2 Bb4 13. a3 Bxd2+ 14. Qxd2 Qxd2+ 15. Kxd2 Ngf6 16. Rad1 Ke7 17. c4 Rhd8 18. Kc2 c5 19. dxc5 Nxc5 20. Nd4 Rac8 21. Rh4 a5 22. b4 axb4 23. axb4 Ncd7 24. Nf3 Ra8 25. Rd2 Ra1 26. Ne2 Rda8 27. Nc3 Rf1 28. Nd4 Raa1 29. f3 Ne5 30. Re2 Nc6 31. Nxc6+ bxc6 32. b5 cxb5 33. cxb5 Rh1 34. Rc4 Ra7 35. g4 Rf1 36. Re3 Rb7 37. Rc6 Nd7 38. Kd3 Ra1 39. Kc4 Kd8 40. Kb4 Rc7 41. Ra6 Ra7 42. Rxa7 Rxa7 43. Ne4 Ra1 44. Ra3 Rb1+ 45. Ka5 Ne5 46. Ka6 Kc7 47. Rc3+ Kb8 48. Nc5 Rb4 49. Rc1 f6 50. Rd1 Kc8 51. b6 Nc6 52. b7+ Kc7 53. Rd7+ Kb8 54. Rxg7 Rb1 55. Nd7+ Kc7 56. Ne5+ Kd6 57. Nxc6 Kxc6 58. Ka7 Kd5 1-0

[Event "Polonia Wroclaw Masters Cup-IM"]
[Site "Wroclaw"]
[Date "2019.05.04"]
[Round "8.4"]
[White "Stachowiak, Kamil"]
[Black "Fiedorek, Michal"]
[Result "1/2-1/2"]
[ECO "A20"]
[WhiteElo "2438"]
[BlackElo "2088"]
[Annotator "NA"]
[PlyCount "55"]
[EventDate "2019.04.28"]
[EventType "tourn"]
[EventCountry "POL"]
[SourceTitle "playchess.com"]
[Source "ChessBase"]
[SourceQuality "1"]
[TimeControl "40/5400+30:900+30"]

1. c4 e5 2. g3 Nf6 3. Bg2 d5 4. cxd5 Nxd5 5. Nc3 Nb6 6. Nf3 Nc6 7. O-O Be7 8. d3 O-O 9. a3 Re8 10. Bd2 Bf8 11. Rc1 h6 12. Ne4 Nd4 13. Nc5 c6 14. a4 Nd7 15. Nxd7 Bxd7 16. Nxd4 exd4 17. Bf3 a5 18. Qb3 Ra7 19. e3 Be6 20. Qc2 dxe3 21. Bxe3 Ra8 22. Be4 Bh3 23. Rfd1 Bg4 24. Re1 Bb4 25. Bd2 Bxd2 26. Qxd2 Qb6 27. Re3 Qb4 28. Qe1 1/2-1/2

[Event "Polonia Wroclaw Masters Cup-IM"]
[Site "Wroclaw"]
[Date "2019.05.04"]
[Round "8.5"]
[White "Baum, Jonasz"]
[Black "Mahitosh Dey"]
[Result "1-0"]
[ECO "E10"]
[WhiteElo "2261"]
[BlackElo "2126"]
[Annotator "NA"]
[PlyCount "103"]
[EventDate "2019.04.28"]
[EventType "tourn"]
[EventCountry "POL"]
[SourceTitle "playchess.com"]
[Source "ChessBase"]
[SourceQuality "1"]
[TimeControl "40/5400+30:900+30"]

1. d4 Nf6 2. c4 e6 3. Nf3 d5 4. g3 Bb4+ 5. Nbd2 O-O 6. Bg2 Ne4 7. O-O f5 8. Qc2 c6 9. Ne5 Nd7 10. Ndf3 Bd6 11. Bf4 Bxe5 12. Nxe5 g5 13. Nxd7 Bxd7 14. Be5 Be8 15. cxd5 exd5 16. Qc1 h6 17. h4 Rf7 18. f3 Nd6 19. hxg5 hxg5 20. Bxd6 Qxd6 21. Qxg5+ Rg7 22. Qf4 Qxf4 23. gxf4 Bd7 24. Kf2 Re8 25. Rg1 Rge7 26. Bf1+ Kf7 27. Rc1 Re3 28. Rc3 Rxc3 29. bxc3 c5 30. e3 c4 31. Be2 b5 32. Rh1 Kg7 33. Rb1 a5 34. a4 Re6 35. axb5 Rb6 36. e4 Rxb5 37. Ra1 fxe4 38. fxe4 Rb2 39. Ke3 a4 40. Bd1 Rb3 41. Bxb3 cxb3 42. Kd2 dxe4 43. c4 Kf6 44. Kc3 Kf5 45. d5 Kxf4 46. c5 Ke5 47. c6 Bf5 48. Rxa4 e3 49. Ra8 Kxd5 50. Ra5+ Ke4 51. Rxf5 e2 52. Kd2 1-0